 Dungeon Crawl Stone Soup version 0.18.1-50-g88ac8fd (webtiles) character file.

56 Gorglomux the Cudgeler (level 3, 33/33 HPs)
             Began as a Minotaur Berserker on Oct 22, 2016.
             Was a Believer of Trog.
             Quit the game on level 2 of the Dungeon on Oct 29, 2016.
             The game lasted 00:02:32 (943 turns).

Gorglomux the Cudgeler (Minotaur Berserker)          Turns: 943, Time: 00:02:33

Health: 33/33      AC: 11    Str: 21    XL:     3   Next: 69%
Magic:  2/2        EV:  6    Int:  4    God:    Trog [**....]
Gold:   172        SH:  0    Dex: 10    Spells: 0 memorised, 2 levels left

rFire  . . .     SeeInvis .     a - +0 mace
rCold  . . .     Gourm    .     e - +0 plate armour
rNeg   . . .     Faith    .     (no shield)
rPois  .         Spirit   .     (helmet restricted)
rElec  .         Dismiss  .     (no cloak)
rCorr  .         Reflect  .     (no gloves)
SustAt .         Harm     .     (no boots)
MR     .....     Rnd*Tele +     (no amulet)
Stlth  ..........               (no ring)
                                h - ring of teleportation (curse)

@: not resistant to hostile enchantments, extremely unstealthy
A: retaliatory headbutt, horns 2
a: Berserk, Trog's Hand, Burn Spellbooks, Renounce Religion


You were on level 2 of the Dungeon.
You worshipped Trog.
Trog was pleased with you.
You were not hungry.

You visited 1 branch of the dungeon, and saw 2 of its levels.

You collected 172 gold pieces.

Inventory:

Hand Weapons
 a - a +0 mace (weapon)
Missiles
 g - 72 stones (quivered)
Armour
 b - a +0 animal skin
 e - a +0 plate armour (worn)
Jewellery
 h - a cursed ring of teleportation (left hand)
Scrolls
 f - a scroll of remove curse {unknown}
 i - a scroll of amnesia {unknown}
 j - a scroll of recharging {unknown}
 l - a scroll of identify {unknown}
Potions
 d - a potion of agility {unknown}
 k - 2 potions of cure mutation {unknown}
Comestibles
 c - 3 bread rations


   Skills:
 + Level 4.0 Fighting
 * Level 5.4 Maces & Flails
 - Level 2.4 Armour
 - Level 2.1 Dodging


You had 2 spell levels left.
You didn't know any spells.

Dungeon Overview and Level Annotations

Branches:
Dungeon (2/15)

Altars:
Cheibriados


Innate Abilities, Weirdness & Mutations

You reflexively headbutt those who attack you in melee.
You have a pair of horns on your head.


Message History

You see here a leather armour.
You now have 153 gold pieces (gained 8).
f - a scroll labeled TUCICUTYTU You open the door.
Found a stone staircase leading down.
There is an open door here.
c - 3 bread rations (gained 1)
You now have 162 gold pieces (gained 9).
You open the door.
There is an open door here.
You open the door.
There is an open door here.
You now have 172 gold pieces (gained 10).
l - a scroll labeled FIGAODGHIPRE Welcome back, Gorglomux the Minotaur Berserker.
Trog says: Kill them all!
Press ? for a list of commands and other information.
Drink which item? (? for menu, Esc to quit)
Okay, then.
Are you sure you want to abandon this character and quit the game? (Confirm with "yes".)

########## #........#
#.######.######
####......#######
#.....###.##.....
#.##..# #.....###
#.##..###.##...##
#.###.##......#......
#...@....#######...##
#####.#### ##.###
.#.# ### #.# # #
#....# #.# # ###.#
##'## #.# ##...##
#####.####.....#
#...............
####...#.##........


There were no monsters in sight!

Vanquished Creatures
  2 adders (D:2)
  An ooze (D:2)
  A dart slug (D:1)
  2 ball pythons (D:1)
  2 giant cockroaches (D:1)
  7 goblins
  2 hobgoblins
  A jackal (D:1)
  4 kobolds
  3 bats (D:1)
  2 giant newts
  5 rats
32 creatures vanquished.

Notes
Turn   | Place    | Note
--------------------------------------------------------------
     0 | D:1      | Gorglomux the Minotaur Berserker began the quest for the Orb.
     0 | D:1      | Reached XP level 1. HP: 19/19 MP: 0/0
    20 | D:1      | Reached skill level 4 in Maces & Flails
    39 | D:1      | Reached XP level 2. HP: 26/26 MP: 1/1
   260 | D:1      | Reached ** piety under Trog
   432 | D:2      | Reached XP level 3. HP: 33/33 MP: 2/2
   470 | D:2      | Reached skill level 5 in Maces & Flails
   698 | D:2      | Found a snail-covered altar of Cheibriados.
   943 | D:2      | Quit the game

Skill      XL: |  1  2  3 |
---------------+----------+-----
Maces & Flails | 4 5 |  5.4
Fighting       | 4 |  4.0
Armour         | |  2.4
Dodging        | |  2.1

Action                   || total
-------------------------++-------
Melee: Mace              ||    55
       Headbutt          ||    10
Armor: Plate armour      ||    40
Dodge: Dodged            ||    18
